[Event "Late-Titled-Tuesday-Blitz-July-09-2024"]
[Site "Chess.com"]
[Date "2024.07.09"]
[Round "8"]
[White "ernestina08chess"]
[Black "AlexanderMatlak"]
[Result "1-0"]
[WhiteElo "2307"]
[BlackElo "2498"]
[TimeControl "180+1"]
[EndTime "15:25:49 PDT"]
[Termination "ernestina08chess won by resignation"]

1. e4 c5 2. Nf3 d6 3. d4 cxd4 4.
Nxd4 Nf6 5. Nc3 a6 6. Bg5 e6 7. f4 Nbd7 8. Qd2 Qc7 9. O-O-O b5 10.
Bd3 Bb7 11. Rhe1 Qb6 12. Nf3 Rc8 13. Kb1 b4 14. Na4 Qa5 15. b3 d5 16. e5 h6 17. Bh4 g5 18. fxg5 hxg5 19. Bxg5 Ng4 20.
Qf4 Nh6 21. Nd4 Nc5 22. Nxc5 Qxc5 23. Rf1 Bg7 24. Bxh6 1-0

[Event "Late-Titled-Tuesday-Blitz-July-09-2024"]
[Site "Chess.com"]
[Date "2024.07.09"]
[Round "8"]
[White "Alexander_Khlebovich"]
[Black "ReinisUz"]
[Result "1-0"]
[WhiteElo "2787"]
[BlackElo "2552"]
[TimeControl "180+1"]
[EndTime "15:25:50 PDT"]
[Termination "Alexander_Khlebovich won by resignation"]

1. e4 e5 2. d4 exd4 3. Qxd4 Nc6 4. Qe3 Qf6 5. Nc3 Bb4 6. Bd2 Nge7 7. O-O-O O-O 8. f4 d6 9. Nf3 Bg4 10. Bd3 Rfe8 11.
h3 Bc5 12. Qe1 Bd7 13. g4 g6 14. Qg3 a6 15. g5 Qg7 16. h4 b5 17. h5 b4 18. Ne2 d5 19. hxg6 hxg6 20. e5 Bf5 21. Nh4 Bxd3 22. Qxd3 a5 23. Rh3 Nd8 24. Rdh1 Ne6 25. f5 gxf5 26. Nxf5 Nxf5 27. Qxf5 Nf8 28.
Qf6 Ng6 29. Nf4 Qxf6 30. gxf6 Ra6 31. Nxg6 1-0

[Event "Late-Titled-Tuesday-Blitz-July-09-2024"]
[Site "Chess.com"]
[Date "2024.07.09"]
[Round "8"]
[White "baki83"]
[Black "merinasian"]
[Result "1-0"]
[WhiteElo "2832"]
[BlackElo "2466"]
[TimeControl "180+1"]
[EndTime "15:25:51 PDT"]
[Termination "baki83 won by resignation"]

1. e4 d6 2. d4 Nd7 3. Nc3 g6 4. g3 Bg7 5. Bg2 e5 6. Nge2 Ne7 7. h3 O-O 8. Be3 f5 9. O-O fxe4 10. Nxe4 Nf5 11. Bg5 Qe8 12. d5 h6 13. Bc1 Nf6 14.
Nxf6+ Rxf6 15. c4 Nd4 16. Nxd4 exd4 17. Qxd4 Re6 18. Qd1 Re2 19. Bf3 Re7 20. Kh2 Bf5 21. a4 Qd7 22. Bg2 Rae8 23. Ra3 Re2 24. Re3 Bc2 25.
Qxe2 1-0

[Event "Late-Titled-Tuesday-Blitz-July-09-2024"]
[Site "Chess.com"]
[Date "2024.07.09"]
[Round "8"]
[White "Ganziitoo"]
[Black "ninguno46"]
[Result "1-0"]
[WhiteElo "2423"]
[BlackElo "2568"]
[TimeControl "180+1"]
[EndTime "15:25:51 PDT"]
[Termination "Ganziitoo won by resignation"]

1. e4 d6 2. d4 Nf6 3. Nc3 Nbd7 4. Nf3 e5 5. Bc4 Be7 6. O-O O-O 7. a4 c6 8. Re1 a5 9. h3 exd4 10. Qxd4 Nc5 11. Bf4 Ne6 12. Bxe6 Bxe6 13. Rad1 d5 14. Ng5 c5 15. Qd2 d4 16. Nxe6 fxe6 17. Nb5 Qd7 18. Bh2 b6 19. c3 Qc6 20. Qe2 dxc3 21. bxc3 Rad8 22. Rxd8 Rxd8 23. e5 Nd5 24. Qg4 Rf8 25. Bg3 Rf5 26. Qc4 h5 27. Nd4 b5 28. axb5 1-0

[Event "Late-Titled-Tuesday-Blitz-July-09-2024"]
[Site "Chess.com"]
[Date "2024.07.09"]
[Round "8"]
[White "tptagain"]
[Black "krzyzan94"]
[Result "1-0"]
[WhiteElo "3045"]
[BlackElo "2780"]
[TimeControl "180+1"]
[EndTime "15:25:53 PDT"]
[Termination "tptagain won by resignation"]

1. d4 Nf6 2. Nf3 e6 3. Bg5 c5 4. d5 d6 5. Bxf6 Qxf6 6. Nc3 e5 7. e4 g6 8. Bb5+ Nd7 9. a4 h5 10. Nd2 Bh6 11. Nc4 O-O 12. a5 Qe7 13. a6 Nf6 14.
axb7 Bxb7 15. Bc6 h4 16. O-O Nh5 17. Bxb7 Qxb7 18. Nxd6 Qxb2 19. Ndb5 Qb4 20. Ra4 Qb2 21. Qb1 Qxb1 22. Rxb1 a6 23. Rba1 Bd2 24. Rxa6 Rab8 25. g3 h3 26. Kf1 Nf6 27. Rxf6 1-0

[Event "Late-Titled-Tuesday-Blitz-July-09-2024"]
[Site "Chess.com"]
[Date "2024.07.09"]
[Round "8"]
[White "tandercat"]
[Black "ritanovikova"]
[Result "0-1"]
[WhiteElo "1923"]
[BlackElo "2144"]
[TimeControl "180+1"]
[EndTime "15:25:59 PDT"]
[Termination "ritanovikova won by resignation"]

1. d4 e5 2. dxe5 Nc6 3. Nf3 Qe7 4. Bf4 Qb4+ 5. Bd2 Qxb2 6. Nc3 Bb4 7. Rb1 Qa3 8. Rb3 Qa5 9. a3 Bxa3 10. Nb5 Bb4 11. c3 Qxb5 12. cxb4 Nxe5 13. e4 Nxf3+ 14.
Qxf3 Qa4 15. Bc4 Nf6 16. e5 d5 17. exf6 dxc4 18. Re3+ Be6 19. O-O O-O-O 20. fxg7 Rhg8 21. Ra3 Qc6 22. Rxa7 Qxf3 23. gxf3 Rxg7+ 24. Kh1 Rxd2 25. Rg1 Rxg1+ 26. Kxg1 c3 27. Kg2 c2 0-1

[Event "Late-Titled-Tuesday-Blitz-July-09-2024"]
[Site "Chess.com"]
[Date "2024.07.09"]
[Round "8"]
[White "WilsonPalencia21"]
[Black "Nemsko"]
[Result "1-0"]
[WhiteElo "2569"]
[BlackElo "2293"]
[TimeControl "180+1"]
[EndTime "15:26:01 PDT"]
[Termination "WilsonPalencia21 won by resignation"]

1. d4 Nf6 2. c4 e6 3. Nf3 b6 4.
g3 Ba6 5. Qc2 d5 6. cxd5 exd5 7.
Bg2 c6 8. O-O Be7 9. Nc3 O-O 10.
Rd1 Re8 11. Bf4 Bd6 12. Bg5 h6 13. Bxf6 Qxf6 14. e4 dxe4 15. Nxe4 Qd8 16. Ne5 Bb7 17. Qb3 Re7 18. f4 Na6 19. Rac1 Rc8 20. Qa4 Rec7 21.
Bh3 Ra8 22. Nxc6 Bxc6 23. Rxc6 Qe8 24. d5 Bc5+ 25. Kh1 Re7 26. Bf5 Nb8 27. Rc8 1-0

[Event "Late-Titled-Tuesday-Blitz-July-09-2024"]
[Site "Chess.com"]
[Date "2024.07.09"]
[Round "8"]
[White "CarlosjPineror"]
[Black "MusicCityMaster"]
[Result "1-0"]
[WhiteElo "2661"]
[BlackElo "2504"]
[TimeControl "180+1"]
[EndTime "15:26:02 PDT"]
[Termination "CarlosjPineror won by checkmate"]

1. b3 d5 2. Bb2 Qd6 3. Nf3 Nd7 4. e3 e5 5. c4 c6 6. cxd5 cxd5 7. Nc3 a6 8. Be2 Ngf6 9. O-O e4 10. Nd4 Ne5 11.
f4 exf3 12. Nxf3 Neg4 13. h3 h5 14. Bd3 Be7 15. Ne2 Nh6 16. Ne5 Be6 17. Bd4 O-O 18. Nf4 h4 19. Nh5 Rfc8 20. Qf3 Rc6 21. Nxc6 bxc6 22.
Nxf6+ gxf6 23. Bxf6 Bxf6 24. Qxf6 Qg3 25. Qxh6 Bxh3 26.
Qh7+ Kf8 27. Qxf7# 1-0

[Event "Late-Titled-Tuesday-Blitz-July-09-2024"]
[Site "Chess.com"]
[Date "2024.07.09"]
[Round "8"]
[White "manitodeplomo"]
[Black "GAO"]
[Result "1-0"]
[WhiteElo "2610"]
[BlackElo "2437"]
[TimeControl "180+1"]
[EndTime "15:26:10 PDT"]
[Termination "manitodeplomo won by resignation"]

1. d4 Nf6 2. c4 e6 3. Nf3 d5 4. Nc3 Bb4 5. Qa4+ Nc6 6. e3 O-O 7. Bd2 Bd7 8. Qc2 Re8 9. Rd1 dxc4 10. Bxc4 e5 11. O-O exd4 12. exd4 Bg4 13. Be3 Bxf3 14.
gxf3 Ne7 15. Qb3 Bxc3 16. Bxf7+ Kh8 17. Bxe8 Qxe8 18. bxc3 Qg6+ 19. Kh1 Qf5 20. Qxb7 Rf8 21. Rg1 Ned5 22. Rg3 Nh5 23. Rdg1 Nxg3+ 24. Rxg3 h5 25. h4 Nf4 26. Bxf4 Qxf4 27. Qe4 Qc1+ 28. Kg2 Qxc3 29. Qe5 Rf7 30. Qe8+ Kh7 31. Qxf7 Qxd4 32. Qxh5+ Kg8 33. Qe8+ Kh7 34. Qe4+ 1-0

[Event "Late-Titled-Tuesday-Blitz-July-09-2024"]
[Site "Chess.com"]
[Date "2024.07.09"]
[Round "8"]
[White "vellottiwizard"]
[Black "Hikaru"]
[Result "0-1"]
[WhiteElo "2765"]
[BlackElo "3218"]
[TimeControl "180+1"]
[EndTime "15:26:19 PDT"]
[Termination "Hikaru won by resignation"]

1. e4 d5 2. e5 c5 3. f4 Bf5 4.
Nf3 e6 5. d4 Nc6 6. c3 Qb6 7. Qa4 O-O-O 8. Nbd2 cxd4 9. Nxd4 Nxd4 10. cxd4 Ne7 11. Nb3 Nc6 12. Bd2 Bc2 13. Rc1 Bxb3 14.
Qxb3 Qxb3 15. axb3 Kb8 16. Bc3 a6 17. Kf2 b5 18.
Ke3 Kb7 19. Bd3 Be7 20. Bd2 Rc8 21. Rc2 Bd8 22. Rhc1 Bb6 23. Rc5 Bxc5 24. dxc5 b4 25. Ra1 a5 26. g3 f6 27. exf6 gxf6 28. Bf1 Rcd8 29. Bb5 e5 30. f5 Ra8 31. g4 Nd4 32. Ba4 Nc2+ 0-1

[Event "Late-Titled-Tuesday-Blitz-July-09-2024"]
[Site "Chess.com"]
[Date "2024.07.09"]
[Round "8"]
[White "Juliana_Figueira"]
[Black "th3d4rkness"]
[Result "1-0"]
[WhiteElo "2031"]
[BlackElo "2244"]
[TimeControl "180+1"]
[EndTime "15:26:22 PDT"]
[Termination "Juliana_Figueira won on time"]

1. d4 Nf6 2. c4 e6 3. g3 Bb4+ 4. Bd2 c5 5. Bxb4 cxb4 6. Bg2 d5 7. Nd2 O-O 8. Ngf3 b6 9. O-O Bb7 10. a3 bxa3 11. Rxa3 dxc4 12. Nxc4 Qe7 13. e3 Nbd7 14.
Qb3 Bd5 15. Nfd2 Bxg2 16. Kxg2 e5 17. Nf3 exd4 18. exd4 Nd5 19. Re1 Qf6 20. Nce5 Nxe5 21. dxe5 Qc6 22. Kg1 Ne7 23. e6 fxe6 24. Rxe6 Rxf3 25.
Qxf3 Qxe6 26. Qxa8+ Kf7 27. Qf3+ 1-0

[Event "Late-Titled-Tuesday-Blitz-July-09-2024"]
[Site "Chess.com"]
[Date "2024.07.09"]
[Round "8"]
[White "leotobares"]
[Black "Giorno"]
[Result "0-1"]
[WhiteElo "2289"]
[BlackElo "2517"]
[TimeControl "180+1"]
[EndTime "15:26:23 PDT"]
[Termination "Giorno won by resignation"]

1. Nf3 b6 2. e4 Bb7 3. Nc3 e6 4.
Bd3 Nc6 5. O-O Nf6 6. e5 Ng4 7. Be4 f5 8. exf6 Nxf6 9. d4 Nxe4 10. Nxe4 Be7 11. Re1 O-O 12. Bg5 Bxg5 13. Nexg5 Nb4 14.
c3 Nd5 15. Qc2 g6 16. h4 Nf4 17. Re3 Qf6 18. Ne4 Qf5 19. g3 Nd5 20. Rae1 Nxe3 21. Rxe3 Bxe4 0-1

[Event "Late-Titled-Tuesday-Blitz-July-09-2024"]
[Site "Chess.com"]
[Date "2024.07.09"]
[Round "8"]
[White "PawnEatingZombie"]
[Black "JEHUBNER"]
[Result "1-0"]
[WhiteElo "2271"]
[BlackElo "2018"]
[TimeControl "180+1"]
[EndTime "15:26:23 PDT"]
[Termination "PawnEatingZombie won by resignation"]

1. Nf3 Nf6 2. g3 g6 3. b3 Bg7 4. Bb2 O-O 5. Bg2 d5 6. O-O c5 7.
d4 cxd4 8. Nxd4 Nc6 9. Nxc6 bxc6 10. c4 e6 11. Qc2 Bb7 12. Nc3 d4 13. Na4 Qc7 14.
Nc5 Rad8 15. Rad1 e5 16. e3 dxe3 17. fxe3 Ba8 18. h3 Nh5 19. g4 Nf6 20. Qe2 Nd7 21. Ne4 c5 22. Nd6 Bxg2 23. Qxg2 Nb6 24. Nb5 Qe7 25.
Nc3 e4 26. a4 a5 27. Nb5 Bxb2 28.
Qxb2 Rd3 29. Rxd3 exd3 30. Qd2 Rd8 31. Nc3 Qg5 32. Rf4 h5 33. Ne4 Qh4 34. Kg2 f5 35.
gxf5 gxf5 36. Rxh4 1-0

[Event "Late-Titled-Tuesday-Blitz-July-09-2024"]
[Site "Chess.com"]
[Date "2024.07.09"]
[Round "8"]
[White "Os55555"]
[Black "mortngabriel"]
[Result "0-1"]
[WhiteElo "2313"]
[BlackElo "2469"]
[TimeControl "180+1"]
[EndTime "15:26:30 PDT"]
[Termination "mortngabriel won by resignation"]

1. b3 d5 2. Bb2 Bf5 3. e3 e6 4. Nf3 Nf6 5. d3 h6 6. g3 Be7 7.
Bg2 O-O 8. O-O a5 9. a3 c5 10. Nc3 Nc6 11. d4 cxd4 12. Nxd4 Nxd4 13. exd4 Rc8 14.
Rc1 Qd7 15. Qd2 b5 16. a4 b4 17. Nb5 Ne4 18. Bxe4 Bxe4 19. c3 Bg5 20. f4 Be7 21. c4 dxc4 22. bxc4 Bb7 23. Rfd1 Rfd8 24. Qe3 Qc6 25.
d5 Bc5 26. Nd4 exd5 27. cxd5 Qxd5 0-1

[Event "Late-Titled-Tuesday-Blitz-July-09-2024"]
[Site "Chess.com"]
[Date "2024.07.09"]
[Round "8"]
[White "BillCoe"]
[Black "GoodOldBell"]
[Result "0-1"]
[WhiteElo "2095"]
[BlackElo "2384"]
[TimeControl "180+1"]
[EndTime "15:26:39 PDT"]
[Termination "GoodOldBell won by resignation"]

1. e4 e5 2. Nf3 Nc6 3. Bb5 a6 4. Ba4 Nf6 5. O-O Be7 6. Re1 b5 7. Bb3 d6 8. c3 O-O 9. h3 Nb8 10.
d4 Nbd7 11. Nbd2 Bb7 12. d5 c6 13. dxc6 Bxc6 14. Bc2 Nc5 15. b4 Ne6 16. Nf1 Re8 17.
Ng3 Bf8 18. Qe2 Qc7 19. Bd3 Qb7 20. Bd2 Nf4 21. Qe3 Nxd3 22. Qxd3 d5 23. exd5 Bxd5 24.
Ng5 h6 25. N5e4 Nxe4 26. Nxe4 Rad8 27. Nc5 Bxc5 28. bxc5 Bxg2 29. Qe3 Bxh3 30. c4 0-1

[Event "Late-Titled-Tuesday-Blitz-July-09-2024"]
[Site "Chess.com"]
[Date "2024.07.09"]
[Round "8"]
[White "shirovin"]
[Black "TioCridineno"]
[Result "0-1"]
[WhiteElo "2086"]
[BlackElo "2433"]
[TimeControl "180+1"]
[EndTime "15:26:39 PDT"]
[Termination "TioCridineno won by checkmate"]

1. e4 c5 2. Nf3 Nc6 3. d4 cxd4 4. Nxd4 Nf6 5. Nc3 e5 6. Ndb5 d6 7. Bg5 a6 8. Na3 b5 9. Nab1 Be7 10. Bxf6 Bxf6 11.
Nd5 O-O 12. a4 bxa4 13. Bc4 Bg5 14. O-O Kh8 15. Nbc3 f5 16. exf5 Bxf5 17. Nxa4 Rb8 18. Bxa6 e4 19. Be2 Ne5 20. b4 Qe8 21. b5 Qg6 22.
Kh1 Qh6 23. Ne3 Bc8 24. Ra3 Nf3 25. Bxf3 exf3 26. g3 Rxb5 27. Rd3 Bxe3 28. Rxe3 Rh5 29. h4 Rxh4+ 30. gxh4 Qxh4+ 31. Kg1 Qg4+ 32. Kh2 Qg2# 0-1

[Event "Late-Titled-Tuesday-Blitz-July-09-2024"]
[Site "Chess.com"]
[Date "2024.07.09"]
[Round "8"]
[White "annasargsyan_m"]
[Black "mishanick"]
[Result "0-1"]
[WhiteElo "2688"]
[BlackElo "3081"]
[TimeControl "180+1"]
[EndTime "15:26:48 PDT"]
[Termination "mishanick won by resignation"]

1. e4 e6 2. d3 d5 3. Nd2 c5 4. g3 Nc6 5. Bg2 Nf6 6. Ngf3 Be7 7. O-O O-O 8. e5 Nd7 9. Re1 b5 10. Nf1 b4 11. h4 a5 12. N1h2 a4 13. Ng4 a3 14.
bxa3 bxa3 15. h5 f5 16. exf6 Bxf6 17. Rb1 Nb4 18. Nxf6+ Qxf6 19. Rb3 Nxa2 20. Rxa3 Nc3 21. Qd2 Nb1 22. Rxa8 Nxd2 23. Bxd2 e5 24. Bc3 d4 25.
Bd2 Bb7 26. Rxf8+ Nxf8 27. Ng5 Bxg2 28. Kxg2 Qf5 29. Ra1 h6 30. Ne4 Qxh5 31. Nxc5 Kh7 32. Ra8 Ng6 33. Ra7 Qg4 34. Kh2 Qc8 35. Ne4 Nf8 36. Bb4 Ne6 37. Bd6 Qxc2 38. Nf6+ Kg6 39. Ng4 Kf5 40. Nxe5 Qxf2+ 41. Kh1 Kg5 42. Rf7 Qa2 43.
Nf3+ Kg6 44. Ne5+ Kh7 45. Rf3 Qd5 46. Bb8 Ng5 47. Kg2 Nxf3 48. Nxf3 Qa2+ 49. Kh3 Qa8 0-1

[Event "Late-Titled-Tuesday-Blitz-July-09-2024"]
[Site "Chess.com"]
[Date "2024.07.09"]
[Round "8"]
[White "noblerone"]
[Black "LidongW"]
[Result "1-0"]
[WhiteElo "2462"]
[BlackElo "2267"]
[TimeControl "180+1"]
[EndTime "15:26:48 PDT"]
[Termination "noblerone won by resignation"]

1. d4 Nf6 2. Nf3 g6 3. Bg5 Bg7 4. Nbd2 d5 5. e3 c6 6. Be2 Bg4 7. O-O O-O 8. c4 e6 9. h3 Bxf3 10. Nxf3 Nbd7 11. Ne5 dxc4 12. Bxc4 Nb6 13. Be2 Qd6 14. a3 a5 15. Bf4 Qe7 16. Rc1 Nbd5 17. Bh2 Rfd8 18. Bf3 a4 19. Nc4 Ra6 20. Be5 Ne8 21.
Bxg7 Kxg7 22. Qc2 Nec7 23. Ne5 f6 24. Nd3 b5 25. Nc5 Rb6 26. Qd2 Qd6 27. Qa5 Ra8 28.
Qd2 Ne7 29. Rc2 Ncd5 30. Rfc1 Rbb8 31. Bg4 f5 32. Bf3 Nb6 33. Be2 Ned5 34. Qe1 Rc8 35. Bf3 Nf6 36. Nb7 Qc7 37. Rxc6 Qxb7 38. Rxc8 Qxc8 39.
Rxc8 Rxc8 40. Qb4 Nbd5 41. Qxb5 Ra8 42. Qb7+ 1-0

[Event "Late-Titled-Tuesday-Blitz-July-09-2024"]
[Site "Chess.com"]
[Date "2024.07.09"]
[Round "8"]
[White "ZakinIlay2306"]
[Black "Veleamater"]
[Result "0-1"]
[WhiteElo "2312"]
[BlackElo "2441"]
[TimeControl "180+1"]
[EndTime "15:26:54 PDT"]
[Termination "Veleamater won by checkmate"]

1. e4 d6 2. d4 g6 3. Nc3 Bg7 4. Be3 Nf6 5. f3 O-O 6. h4 Nc6 7. Qd2 h5 8. Nh3 e5 9. d5 Nd4 10. Ng5 c5 11. Nd1 Bd7 12. c3 Nb5 13. a4 Nc7 14. c4 a6 15. a5 Rb8 16. Nc3 b5 17.
axb6 Rxb6 18. Bd3 Qb8 19. Nd1 Qb7 20. Qc2 Rb8 21. Bc1 Rb3 22. O-O Qc8 23. Nc3 Nh7 24. Nxh7 Kxh7 25. Qe2 Qd8 26. g3 Bf6 27. Bc2 R3b4 28. b3 Kg7 29. Qd2 Kg8 30. Ra3 Bg7 31. Kh2 Qe7 32. Qf2 Rf8 33. Be3 f5 34. Qd2 f4 35.
Bxc5 fxg3+ 36. Kxg3 dxc5 37. d6 Qe6 38. dxc7 Qh3+ 39.
Kf2 Qxf3+ 40. Kg1 Qxf1+ 41. Kh2 Rf2+ 42. Kg3 Rxd2 43. c8=Q+ Bxc8 44. Nd5 Qf2# 0-1

[Event "Late-Titled-Tuesday-Blitz-July-09-2024"]
[Site "Chess.com"]
[Date "2024.07.09"]
[Round "8"]
[White "ArturoCaceres"]
[Black "Love7Unicorn"]
[Result "0-1"]
[WhiteElo "2405"]
[BlackElo "2597"]
[TimeControl "180+1"]
[EndTime "15:26:57 PDT"]
[Termination "Love7Unicorn won by checkmate"]

1. e4 c5 2. Nf3 d6 3. Nc3 Nc6 4. d4 cxd4 5. Nxd4 g6 6. Be3 Bg7 7. Qd2 Nf6 8. f3 O-O 9. O-O-O d5 10. exd5 Nxd5 11. Nxc6 bxc6 12. Bd4 Bxd4 13. Qxd4 Qb6 14. Na4 Qc7 15. Nc5 Rd8 16. c4 e5 17. Qh4 Bf5 18.
g4 Ne3 19. Re1 Qa5 20. Nb3 Qxa2 21. Rxe3 Qb1# 0-1

[Event "Late-Titled-Tuesday-Blitz-July-09-2024"]
[Site "Chess.com"]
[Date "2024.07.09"]
[Round "8"]
[White "vova-79"]
[Black "pinelone"]
[Result "0-1"]
[WhiteElo "2463"]
[BlackElo "2392"]
[TimeControl "180+1"]
[EndTime "15:26:59 PDT"]
[Termination "pinelone won by resignation"]

1. d4 Nf6 2. c4 e6 3. g3 c5 4. d5 exd5 5. cxd5 d6 6. Nf3 g6 7.
Nc3 Bg7 8. Bg2 O-O 9. O-O Bf5 10. Nd2 Na6 11. e4 Bg4 12. f3 Bd7 13. a4 Nb4 14.
Nc4 Ne8 15. h3 b6 16. Kh2 f5 17. f4 fxe4 18. Nxe4 Bf5 19. g4 Bxe4 20. Bxe4 Nf6 21.
Bg2 Re8 22. f5 Ne4 23. fxg6 hxg6 24. Ra3 Qe7 25. Bf4 g5 26. Bc1 Be5+ 27. Nxe5 Qxe5+ 28. Kg1 Nxd5 29. Re1 Ndf6 30. Bxg5 Qxg5 0-1

[Event "Late-Titled-Tuesday-Blitz-July-09-2024"]
[Site "Chess.com"]
[Date "2024.07.09"]
[Round "8"]
[White "KorolDimitriy75"]
[Black "Boorchess"]
[Result "1/2-1/2"]
[WhiteElo "2399"]
[BlackElo "2513"]
[TimeControl "180+1"]
[EndTime "15:27:00 PDT"]
[Termination "Game drawn by repetition"]

1. d4 Nf6 2. c4 g6 3. Nc3 Bg7 4. e4 d6 5. Nf3 O-O 6. Be2 e5 7.
dxe5 dxe5 8. Qxd8 Rxd8 9. Bg5 Re8 10. O-O-O c6 11. Nxe5 Rxe5 12. Rd8+ Re8 13. Bxf6 Rxd8 14. Bxd8 Be6 15. Kc2 Nd7 16. Be7 Re8 17. Bd6 f5 18. f3 Be5 19. Rd1 Kf7 20. b3 Bxd6 21. Rxd6 Ke7 22.
Rd2 f4 23. b4 Ne5 24. c5 g5 25. a3 Rf8 26. h3 h5 27. Nd1 g4 28. hxg4 hxg4 29.
fxg4 f3 30. gxf3 Nxf3 31. Bxf3 Rxf3 32. Rd3 Rf4 33. g5 Rxe4 34. Re3 Rg4 35. Nc3 Kf7 36. Ne4 Bf5 37. Kd3 Rxg5 38. Kd4 Rg4 39. Ke5 Bxe4 40. Rxe4 Rxe4+ 41. Kxe4 Ke6 42. a4 Kf6 43.
Kf4 Ke6 44. Ke4 Kf6 45. Kf4 Ke6 46. Ke4 1/2-1/2

[Event "Late-Titled-Tuesday-Blitz-July-09-2024"]
[Site "Chess.com"]
[Date "2024.07.09"]
[Round "8"]
[White "KaydenTroffChess"]
[Black "brm72"]
[Result "1-0"]
[WhiteElo "2873"]
[BlackElo "2653"]
[TimeControl "180+1"]
[EndTime "15:27:03 PDT"]
[Termination "KaydenTroffChess won by resignation"]

1. d4 Nf6 2. Nf3 e6 3. Bf4 b6 4. e3 Bb7 5. Nbd2 d6 6. a4 a6 7. a5 b5 8. c4 bxc4 9. Bxc4 Nbd7 10.
O-O Be7 11. b4 Nh5 12. Bg3 Nxg3 13. fxg3 O-O 14. Qb3 Kh8 15. b5 axb5 16. Qxb5 Ba6 17. Qc6 Bxc4 18. Nxc4 Ra7 19. Rfb1 Nb8 20. Qb5 Na6 21. Nb6 c5 22. dxc5 Bf6 23. Nd4 Bxd4 24. exd4 dxc5 25. dxc5 Qd4+ 26. Kh1 Qxc5 27. Qa4 Qe7 28. Qc4 Qc7 29. Qd4 h6 30. Rc1 Qd8 31. Qe3 Qf6 32. Nd5 exd5 33. Qxa7 Re8 34. Qb6 Re6 35.
Qb5 Rd6 36. Rf1 Qc3 37. Rac1 Qd2 38. Qe8+ Kh7 39. Qxf7 1-0

[Event "Late-Titled-Tuesday-Blitz-July-09-2024"]
[Site "Chess.com"]
[Date "2024.07.09"]
[Round "8"]
[White "jbking07"]
[Black "yaguigor"]
[Result "1-0"]
[WhiteElo "2477"]
[BlackElo "2613"]
[TimeControl "180+1"]
[EndTime "15:27:04 PDT"]
[Termination "jbking07 won by checkmate"]

1. e4 e5 2. Nf3 Nc6 3. d4 exd4 4.
Nxd4 Nf6 5. f3 Nxe4 6. fxe4 Qh4+ 7. g3 Qxe4+ 8. Qe2 Qxe2+ 9. Nxe2 Bc5 10. Nbc3 Ne7 11.
Bf4 d6 12. O-O-O Bg4 13. Bg2 O-O-O 14. h3 Bh5 15. g4 Bg6 16. Rhf1 a6 17. Ng3 c6 18. h4 h6 19. Nce4 Nd5 20. Nxc5 Nxf4 21. Rxf4 dxc5 22. Rxd8+ Kxd8 23. h5 Bh7 24. Rxf7 Re8 25.
Kd2 Re7 26. Rxe7 Kxe7 27. Be4 Bg8 28. a4 a5 29. Nf5+ Kf6 30. Nd6 Ke5 31. Nxb7 Kxe4 32. Nxc5+ Kf4 33. c3 Kxg4 34. b4 axb4 35. cxb4 Kxh5 36.
a5 Bc4 37. a6 Bxa6 38. Nxa6 Kg4 39. Nb8 h5 40. Nxc6 h4 41. Ne5+ Kg3 42. Ke3 h3 43. Nf3 Kg2 44. b5 g5 45. b6 g4 46. b7 gxf3 47. b8=Q h2 48. Qb2+ Kh3 49. Qc1 Kg2 50. Qd2+ Kh3 51. Qe1 Kg2 52. Qf2+ Kh1 53. Qf1# 1-0

[Event "Late-Titled-Tuesday-Blitz-July-09-2024"]
[Site "Chess.com"]
[Date "2024.07.09"]
[Round "8"]
[White "Gyulamiryan-koryun"]
[Black "Nbk90"]
[Result "1-0"]
[WhiteElo "1936"]
[BlackElo "2226"]
[TimeControl "180+1"]
[EndTime "15:27:06 PDT"]
[Termination "Gyulamiryan-koryun won by resignation"]

1. e4 e6 2. d4 d5 3. Nd2 c5 4. exd5 Qxd5 5. Ndf3 Nc6 6. Be3 cxd4 7.
Nxd4 Nxd4 8. Qxd4 Nf6 9. O-O-O Bd7 10. c4 Qc6 11. Nf3 Be7 12. Ne5 Qc7 13. Bf4 Qc5 14.
Qxc5 Bxc5 15. Nxd7 Nxd7 16. a3 Rc8 17. b4 Bxf2 18. Bd6 Be3+ 19. Kb2 Nb6 20. Kb3 Bg5 21. c5 Nd5 22. Bb5+ Kd8 23. h4 Be7 24. Be5 f6 25. Bd4 Kc7 26. Rhe1 e5 27. Bxe5+ fxe5 28. Rxd5 Rcd8 29. Rexe5 Bf6 30. Rxd8 Rxd8 31. Re3 Rd4 32. g3 Rg4 33. Bc4 Kd7 34. Be6+ 1-0

[Event "Late-Titled-Tuesday-Blitz-July-09-2024"]
[Site "Chess.com"]
[Date "2024.07.09"]
[Round "8"]
[White "TheAlienParty"]
[Black "Ninocanina"]
[Result "1-0"]
[WhiteElo "2321"]
[BlackElo "1973"]
[TimeControl "180+1"]
[EndTime "15:27:07 PDT"]
[Termination "TheAlienParty won on time"]

1. c4 e6 2. d4 d5 3. cxd5 exd5 4. Nc3 Nf6 5. Bg5 Be7 6. e3 O-O 7. Bd3 h6 8. Bh4 c6 9. Qc2 Re8 10. Nge2 Nbd7 11. O-O Ne4 12. Bxe7 Qxe7 13. Rae1 Ndf6 14. f3 Ng5 15. Ng3 h5 16. h4 Ne6 17. Nf5 Qc7 18. Qf2 c5 19. Nb5 Qb6 20. Nbd6 Bd7 21. Nxe8 Rxe8 22. Qg3 cxd4 23. exd4 g6 24. Kh2 Kh7 25.
Qe5 gxf5 26. Qxf6 Qc7+ 27. Kh1 Qg3 28. Bxf5+ Kg8 29. Bxe6 Bxe6 30. Re5 Kf8 31. Rg5 Qxh4+ 32. Kg1 1-0

[Event "Late-Titled-Tuesday-Blitz-July-09-2024"]
[Site "Chess.com"]
[Date "2024.07.09"]
[Round "8"]
[White "Brown_Mamba24"]
[Black "ChessicallyInclined"]
[Result "1-0"]
[WhiteElo "2544"]
[BlackElo "2725"]
[TimeControl "180+1"]
[EndTime "15:27:11 PDT"]
[Termination "Brown_Mamba24 won by resignation"]

1. d4 Nf6 2. c4 b6 3. Nf3 Bb7 4. g3 g6 5. Bg2 Bg7 6. O-O O-O 7. Nc3 e6 8. d5 exd5 9. cxd5 Re8 10. Nd4 c6 11. e4 cxd5 12. exd5 Na6 13. Bf4 Nh5 14. Bd6 Qf6 15. Ndb5 Bf8 16. Ne4 Qxb2 17. Rb1 Qg7 18. Bxf8 Rxf8 19. Ned6 Nc5 20. Nxb7 Nxb7 21. d6 Rab8 22.
Nxa7 Nc5 23. Re1 Qf6 24. Nb5 Ng7 25. Nc7 Nf5 26. Nd5 Qxd6 27. g4 Kh8 28. gxf5 gxf5 29.
Qd4+ f6 30. Re7 Ne4 31. Bxe4 fxe4 32. Qxe4 Rg8+ 33. Kf1 Qxh2 34. Ke2 Qh5+ 35. Qf3 Qg6 36. Rh1 Qc2+ 37. Ke1 Rbe8 38. Qxf6+ 1-0

[Event "Late-Titled-Tuesday-Blitz-July-09-2024"]
[Site "Chess.com"]
[Date "2024.07.09"]
[Round "8"]
[White "grzechu96"]
[Black "Andreikka"]
[Result "0-1"]
[WhiteElo "2809"]
[BlackElo "2998"]
[TimeControl "180+1"]
[EndTime "15:27:12 PDT"]
[Termination "Andreikka won by resignation"]

1. e4 Nf6 2. e5 Nd5 3. d4 Nb6 4. c4 d6 5. f4 g6 6. Nc3 Bg7 7. Be3 O-O 8. Nf3 Bg4 9. h3 Bxf3 10. Qxf3 Nc6 11. O-O-O e6 12. h4 f5 13. h5 d5 14.
h6 Bh8 15. cxd5 exd5 16. Bf2 Qd7 17. Bh4 Nd8 18. Bxd8 Raxd8 19. Kb1 c6 20. Be2 Nc8 21.
Qh3 Ne7 22. Rhg1 b6 23. Bf3 Kf7 24. Rde1 Qe6 25. Rc1 Ke8 26. Rgd1 Kd7 27. Ne2 Kc8 28. Ng1 Kb7 29. Be2 Kb8 30. Nf3 Qd7 31. Ng5 Nc8 32.
Qc3 Kb7 33. Qa3 Rfe8 34. Ba6+ Kb8 35. Qc3 Kc7 36. Bb5 Ne7 37. Nxh7 Kb7 38. Ba4 b5 39. Qb4 Nc8 40. Ng5 a5 41. Qxa5 bxa4 42. Qxa4 Nb6 43. Qb4 Qe7 44. Qxe7+ Rxe7 45. Rd3 Nc4 46. Rdc3 Rc7 47.
R1c2 Re8 48. Kc1 c5 49. dxc5 Nxe5 50. fxe5 Bxe5 51. Re3 Bf4 52. h7 Bxe3+ 0-1

[Event "Late-Titled-Tuesday-Blitz-July-09-2024"]
[Site "Chess.com"]
[Date "2024.07.09"]
[Round "8"]
[White "glucolisis04"]
[Black "stregachess"]
[Result "1-0"]
[WhiteElo "2268"]
[BlackElo "2084"]
[TimeControl "180+1"]
[EndTime "15:27:12 PDT"]
[Termination "glucolisis04 won by resignation"]

1. d4 Nf6 2. c4 e5 3. dxe5 Ne4 4. Nd2 Nxd2 5. Bxd2 Nc6 6. Nf3 d6 7. Bc3 Bg4 8. exd6 Bxf3 9. d7+ Qxd7 10. Qxd7+ Kxd7 11. O-O-O+ Ke8 12. exf3 Rd8 13. Bd3 f6 14. Rhe1+ Kf7 15. Be4 Bc5 16. Bd5+ Kg6 17. Re2 Rhe8 18. Be4+ f5 19.
Rxd8 Rxd8 20. Bxc6 bxc6 21. Kc2 Kf7 22. b4 Bf8 23.
Re5 g6 24. Ra5 Re8 25. Rxa7 Re2+ 26. Kb3 Rxf2 27. Rxc7+ Kg8 28. Rxc6 Rxg2 29. b5 Rf2 30. b6 Rxf3 31. b7 1-0